 Dungeon Crawl Stone Soup version 0.28-a0-938-gbc3f381ebc (webtiles) character file.

Game seed: 4657900770211429571

3078 ders the Geomancer (level 9, -10/45 HPs)
             Began as a Gargoyle Earth Elementalist on Nov 28, 2021.
             Was an Initiate of Vehumet.
             Killed by divine providence
             ... invoked by an orc priest
              (12 damage)
             ... on level 7 of the Dungeon.
             The game lasted 00:11:38 (9353 turns).

ders the Geomancer (Gargoyle Earth Elementalist)    Turns: 9353, Time: 00:11:38

Health: -10/45     AC: 10    Str: 12    XL:     9   Next: 89%
Magic:  15/19      EV: 11    Int: 19    God:    Vehumet [......]
Gold:   265        SH:  0    Dex: 10    Spells: 12/21 levels left

rFire   + . .      SeeInvis .   i - staff of fire
rCold   . . .      Faith    .   (no shield)
rNeg    + . .      Spirit   .   b - +0 robe
rPois   ∞          Reflect  .   (no helmet)
rElec   +          Harm     .   (no cloak)
rCorr   .          Rampage  .   g - +0 pair of gloves
Will    .....                   p - +0 pair of boots
Stlth   +.........              (no amulet)
HPRegen 0.15/turn               (no ring)
MPRegen 0.16/turn               (no ring)

@: lit by a corona, glowing
A: sickness immunity, AC +6, negative energy resistance 1, electricity
resistance, torment resistance 1, petrification resistance
a: Renounce Religion


You were on level 7 of the Dungeon.
You worshipped Vehumet.
Vehumet was noncommittal.
You visited 1 branch of the dungeon, and saw 7 of its levels.
You also visited: Sewer.

You collected 333 gold pieces.
You spent 68 gold pieces at shops.

Inventory:

Hand Weapons
 e - a +0 dagger
Missiles
 c - 36 stones
 q - 2 throwing nets
Armour
 b - a +0 robe (worn)
 g - a +0 pair of gloves (worn)
 l - a +0 pair of boots
 o - the +1 robe of Perfidy {*Slow rC+++ rN+ Dex-4}
   (You found it on level 5 of the Dungeon)

   Dex:       It affects your dexterity (-4).
   rC:        It renders you almost immune to cold.
   rN:        It protects you from negative energy.
   *Slow:     It may slow you when you take damage.
 p - a +0 pair of boots (worn)
Magical Staves
 i - a staff of fire (weapon)
Jewellery
 m - a +4 ring of slaying
Wands
 k - a wand of paralysis (13)
Potions
 f - a potion of resistance
 h - a potion of magic
 j - 2 potions of flight
 n - a potion of ambrosia
 r - a potion of berserk rage {unknown}


   Skills:
 - Level 1.5 Dodging
 - Level 2.1 Stealth
 + Level 6.7 Spellcasting
 + Level 7.5 Conjurations
 - Level 0.7 Transmutations
 + Level 5.6 Fire Magic
 + Level 9.2 Earth Magic


You had 12 spell levels left.
You knew the following spells:

 Your Spells              Type           Power      Damage    Failure   Level
a - Sandblast             Erth           82%        2d17      1%          1
b - Stone Arrow           Conj/Erth      76%        3d11      1%          3
c - Fireball              Conj/Fire      23%        3d11      19%         5

Your spell library contained the following spells:

 Spells                   Type           Power      Damage    Failure   Level
 Foxfire                  Conj/Fire      100%       2x1d9     1%          1
 Passwall                 Tmut/Erth      20%        N/A       1%          2
 Shock                    Conj/Air       80%        1d8       2%          1
 Petrify                  Tmut/Erth      25%        N/A       14%         4
 Animate Armour           Summ/Erth      46%        N/A       16%         4
 Swiftness                Air            6%         N/A       30%         3
 Lightning Bolt           Conj/Air       10%        1d23      52%         5
 Airstrike                Air            3%         N/A       71%         4
 Summon Lightning Spire   Summ/Air       6%         N/A       71%         4
 Starburst                Conj/Fire      23%        6d8       71%         6
 Ignition                 Fire           20%        3d7       100%        8
 Lehudib's Crystal Spear  Conj/Erth      19%        10d6      100%        8


Dungeon Overview and Level Annotations

Branches:
Dungeon (7/15)             Temple (0/1) D:6           Sewer (visited)

Altars:
Cheibriados
Fedhas
Sif Muna
Vehumet
Zin
The Shining One

Shops:
D:4 *


Innate Abilities, Weirdness & Mutations

You are immune to sickness and miasma.
Your stone body is resilient. (AC +6)
You are immune to poison.
You resist negative energy. (rN+)
You are resistant to electric shocks. (rElec)
You are resistant to unholy torment.
You are immune to petrification.


Message History

Anything else - Cancel.
Retreat in which direction?
Press: ? - help, Dir - move target, f - you, p - bullfrog
Okay, then.
You feel much better.
The gnoll shaman calls upon its god to speed up the gnoll.
The gnoll seems to speed up.
The bullfrog hits you. The gnoll hits you with a +0 spear.
The gnoll barely misses you. The bullfrog barely misses you.
The orc priest hits you with a +0 dagger.
You feel better.
The gnoll hits you from afar with a +0 spear.
The bullfrog hits you but does no damage.
The orc wizard mumbles some strange words.
The orc wizard flickers and vanishes!
The bullfrog hits you. The gnoll hits you but does no damage.
The orc priest hits you but does no damage.
There are monsters nearby!
There are monsters nearby!
There are monsters nearby!
Unknown command.
The gnoll misses you.
The gnoll shaman calls down the wrath of its god upon you.
You are outlined in light.
The gnoll hits you but does no damage.
The gnoll hits you from afar with a +0 spear.
The orc priest hits you but does no damage.
You hear some strange, mumbled words.
A puff of flame appears from out of thin air!
The puff of flame hits you but does no damage.
The orc priest calls down the wrath of Beogh upon you.
Beogh smites you!
* * * LOW HITPOINT WARNING * * *
You feel better.
The gnoll hits you from afar with a +0 spear.
* * * LOW HITPOINT WARNING * * *
The orc priest hits you with a +0 club.
* * * LOW HITPOINT WARNING * * *
The orc priest mumbles some strange prayers to Beogh against you.
Beogh smites you!
You die...

#..[...#####o# #.#
#...###
#F############.# ...#
#.#....#....9..######
...
#F#.##.#.########..)<
#...##.#.# #.###
####...#.########.#
####†###..........#
#......#..#########
#...@..#..# #####
#...g..#..# #...#
###..g.o##..# #.#.#
#....ooFgl..#####o#.#
#......g..#.......#.#
#..........########o#
#..........# #g#
####.#####.# #)#
#.#####.# #.#


You could see a bullfrog, a gnoll shaman, 2 orc priests, 3 gnolls and an orc.

Vanquished Creatures
  A gargoyle (D:7)
  An unseen horror (D:6)
  2 water moccasins
  2 ice beasts
  A sky beast (D:5)
  2 black bears (D:6)
  A necrophage (D:5)
  2 centaurs
  3 ogres
  2 kobold brigands
  2 bullfrogs
  2 wyvern skeletons
  A water moccasin skeleton (D:6)
  3 killer bees
  4 wights
  A howler monkey (D:6)
  A bullfrog zombie (D:5)
  A centaur zombie (D:6)
  2 orc priests
  An iguana (D:7)
  Natasha (twice) (D:4)
  2 orc wizards
  A hound zombie (D:4)
  3 hound skeletons (D:4)
  5 gnolls
  7 adders
  2 river rats (Sewer)
  A white imp (D:5)
  A worm (D:3)
  15 orcs
  6 ball pythons
  4 bats
  6 endoplasms
  2 giant cockroaches
  6 hobgoblins
  2 jackals (Sewer)
  5 quokkas
  7 goblins
  13 kobolds
  13 rats
138 creatures vanquished.

Vanquished Creatures (collateral kills)
  An iguana (D:4)
  Natasha (D:4)
2 creatures vanquished.

Vanquished Creatures (others)
  A plant (D:7)
1 creature vanquished.

Grand Total: 141 creatures vanquished

Notes
Turn   | Place    | Note
-------+----------+-------------------------------------------
     0 | D:1      | ders the Gargoyle Earth Elementalist began the quest for
                  | the Orb.
     0 | D:1      | Reached XP level 1. HP: 10/10 MP: 3/3
   252 | D:1      | Reached XP level 2. HP: 15/15 MP: 3/5
   412 | D:1      | Reached skill level 1 in Conjurations
   500 | D:1      | Reached skill level 4 in Earth Magic
   611 | D:1      | Reached XP level 3. HP: 19/19 MP: 4/6
   615 | D:1      | Learned a level 3 spell: Stone Arrow
  1740 | D:2      | Found a faded altar of an unknown god.
  2243 | D:3      | Reached XP level 4. HP: 24/24 MP: 4/8
  2774 | D:3      | Found a glowing drain.
  2824 | Sewer    | Entered a sewer
  2839 | Sewer    | Reached XP level 5. HP: 28/28 MP: 1/9
  2970 | Sewer    | Noticed a kobold brigand
  3012 | Sewer    | Killed a kobold brigand
  3013 | Sewer    | Reached skill level 5 in Earth Magic
  3309 | Sewer    | Found a glowing silver altar of Zin.
  3775 | D:3      | Reached XP level 6. HP: 32/32 MP: 1/11
  4829 | D:4      | Noticed Natasha
  4829 | D:4      | Found Seosei Toqei's Assorted Antiques.
  4835 | D:4      | Killed Natasha
  4948 | D:4      | Reached skill level 6 in Earth Magic
  4948 | D:4      | Reached XP level 7. HP: 31/36 MP: 1/13
  4972 | D:4      | Noticed Natasha
  4976 | D:4      | Killed Natasha
  5066 | D:4      | Bought a scroll labelled JYAPOCR APEYKE for 17 gold pieces
  5066 | D:4      | Bought a scroll labelled HEEMOI LEFEVAM for 17 gold pieces
  5066 | D:4      | Bought a scroll labelled JAUSIM GUMOE for 17 gold pieces
  5066 | D:4      | Bought a scroll labelled DOT SIHONYF for 17 gold pieces
  5092 | D:4      | Reached skill level 1 in Fire Magic
  5108 | D:4      | Noticed Natasha
  5116 | D:4      | Killed Natasha
  5551 | D:4      | Identified the +7 spear "Derghiu" {vorpal, Int+2}
  5862 | D:5      | Entered Level 5 of the Dungeon
  5966 | D:5      | Found a shimmering blue altar of Sif Muna.
  5997 | D:5      | Reached skill level 5 in Conjurations
  5997 | D:5      | Reached XP level 8. HP: 41/41 MP: 8/15
  6153 | D:5      | Identified the +1 robe of Perfidy {*Slow rC+++ rN+ Dex-4}
  6241 | D:5      | Reached skill level 7 in Earth Magic
  6349 | D:5      | Reached skill level 5 in Spellcasting
  6838 | D:5      | Found a glowing silver altar of Zin.
  6839 | D:5      | Found a snail-covered altar of Cheibriados.
  6843 | D:5      | Found a blossoming altar of Fedhas.
  7359 | D:6      | Reached XP level 9. HP: 35/45 MP: 4/17
  7511 | D:6      | Killed an unseen horror
  7512 | D:6      | Reached skill level 8 in Earth Magic
  7627 | D:6      | Found a radiant altar of Vehumet.
  7637 | D:6      | Became a worshipper of Vehumet
  7680 | D:6      | Found a staircase to the Ecumenical Temple.
  7844 | D:6      | Found a glowing golden altar of the Shining One.
  8401 | D:6      | Reached skill level 5 in Fire Magic
  8407 | D:6      | Learned a level 5 spell: Fireball
  8829 | D:7      | Noticed a gargoyle
  8993 | D:7      | Killed a gargoyle
  8993 | D:7      | Reached * piety under Vehumet
  8993 | D:7      | Offered knowledge of Foxfire by Vehumet.
  8994 | D:7      | Reached skill level 9 in Earth Magic
  9351 | D:7      | HP: 2/45 [orc priest/divine providence (16)]
  9353 | D:7      | Killed from afar by an orc priest

Illustrated notes

Levels and vault maps discovered:
D:1:      dpeg_arrival_concentric_ovals, layout_basic, hex_medium
D:2:      layout_basic, shapermc_ecumenical_altar_gd, minmay_tree_intersection
D:3:      layout_basic, cheibrodos_sewer_entry_sluice
D:4:      layout_rooms, serial_shops, nicolae_shop_statue_plus,
          minmay_hedge_maze, amcnicky_mini_corridor_feature, uniq_natasha
D:5:      layout_loops_ring, mainiacjoe_overflow_chevrons, minitemple
D:6:      layout_basic, mainiacjoe_overflow_six_doors_small,
          mainiacjoe_overflow_paths, minmay_temple_entry_statues_fountains
D:7:      minmay_the_grid_triangle_9x9_rhombus_thin
          [minmay_the_grid_triangle_9x9_dagger,
          minmay_the_grid_triangle_9x9_prize_schism,
          minmay_the_grid_triangle_9x9_wacky_v,
          minmay_the_grid_triangle_9x9_shrine], layout_basic, minmay_three_doors

Skill      XL: |  1  2  3  4  5  6  7  8  9 |
---------------+----------------------------+-----
Conjurations   | 1 2 3 4 5 6 7 |  7.5
Earth Magic    | 4 5 6 7 9 |  9.2
Spellcasting   | 3 4 5 6 |  6.7
Fire Magic     | 2 4 5 |  5.6
Dodging        | |  1.5
Stealth        | |  2.1
Transmutations | |  0.7

Action                   |  1- 3 |  4- 6 |  7- 9 || total
-------------------------+-------+-------+-------++-------
Melee: Unarmed           |     1 |       |       ||     1
       Dagger            |     5 |       |       ||     5
       Staff             |       |    13 |    10 ||    23
 Cast: Sandblast         |    36 |    54 |    35 ||   125
       Stone Arrow       |    10 |    33 |    86 ||   129
       Fireball          |       |       |     2 ||     2
  Use: Scroll            |     1 |     1 |    10 ||    12
       Potion            |       |     1 |     3 ||     4
Armor: Robe              |     7 |    24 |    34 ||    65
Dodge: Dodged            |    13 |    40 |    29 ||    82

Table legend: (Time is in decaauts)
 A = Elapsed time spent in this place.
 B = Non-inter-level travel time spent in this place.
 C = Inter-level travel time spent in this place.
 D = Time resting spent in this place.
 E = Time spent auto-exploring this place.
 F = Levels seen in this place.
 G = Mean time per level.
                   A        B        C        D        E       F      G
               +--------+--------+--------+--------+--------+-----+--------+
         Total |   9417 |   9062 |    355 |   2616 |   5284 |   8 | 1177.1 |
       Dungeon |   8776 |   8421 |    355 |   2359 |   5099 |   7 | 1253.7 |
         Sewer |    640 |    640 |      0 |    257 |    184 |   1 |  640.0 |
               +--------+--------+--------+--------+--------+-----+--------+

Top non-repeatable levels by time:
     D:6: 1783 daAuts
     D:3: 1661 daAuts
     D:2: 1527 daAuts
     D:5: 1207 daAuts
     D:1: 1157 daAuts
     D:4: 936 daAuts
   Sewer: 640 daAuts
     D:7: 502 daAuts
